 Dungeon Crawl Stone Soup version 0.31-a0-1178-gc5c9b8f871 (webtiles) character file.

Game seed: 15324412093063003073

380 grandjackal the Chopper (level 6, 0/49 HPs)
             Began as a Demonspawn Gladiator on Dec 12, 2023.
             Was an Initiate of Nemelex Xobeh.
             Slain by a wyvern (1 damage)
             ... on level 4 of the Dungeon.
             The game lasted 00:03:03 (3046 turns).

grandjackal the Chopper (Demonspawn Gladiator)      Turns: 3046, Time: 00:03:04

Health: 0/49       AC: 10    Str: 17    XL:     6   Next: 46%
Magic:  7/7        EV: 13    Int:  8    God:    Nemelex Xobeh [......]
Gold:   132        SH:  0    Dex: 14    Spells: 5/5 levels left

rFire   . . .        a - +0 war axe
rCold   . . .        (no shield)
rNeg    . . .        b - +0 leather armour
rPois   .            c - +0 helmet
rElec   .            r - +1 cloak
rCorr   .            (no gloves)
SInv    .            (no boots)
Will    .....        o - amulet of the acrobat
Stlth   +            m - +4 ring of protection
HPRegen 0.28/turn    (no ring)
MPRegen 0.10/turn

%: acrobat
@: mighty
A: ignite blood 1, powered by pain 1
a: Renounce Religion, Draw Escape, Draw Destruction, Draw Summoning


You were on level 4 of the Dungeon.
You worshipped Nemelex Xobeh.
Nemelex Xobeh was noncommittal.
You visited 1 branch of the dungeon, and saw 4 of its levels.

You collected 165 gold pieces.
You spent 33 gold pieces at shops.

Inventory:

Hand Weapons
 a - a +0 war axe (weapon)
Missiles
 d - a throwing net (quivered)
 e - a javelin
Armour
 b - a +0 leather armour (worn)
 c - a +0 helmet (worn)
 r - a +1 cloak (worn)
Jewellery
 m - a +4 ring of protection (left hand)
 o - an amulet of the acrobat (around neck)
 t - a ring of ice
Wands
 u - a wand of paralysis (6)
 v - a wand of light (14)
Scrolls
 f - a scroll of enchant armour {unknown}
 g - a scroll of teleportation {unknown}
 j - 3 scrolls of noise {unknown}
 k - a scroll of revelation {unknown}
 p - a scroll of blinking {unknown}
 q - a scroll of amnesia {unknown}
 s - a scroll of identify {unknown}
 w - a scroll of enchant weapon {unknown}
Potions
 h - a potion of brilliance {unknown}
 i - a potion of heal wounds
 l - 3 potions of curing
 n - 2 potions of haste {unknown}


   Skills:
 + Level 4.3 Fighting
 + Level 4.3 Axes
 - Level 2.0 Throwing
 - Level 4.1 Dodging
 + Level 1.6 Invocations


You had 5 spell levels left.
You didn't know any spells.
Your spell library contained the following spells:

 Spells                   Type           Power      Damage    Failure   Level
 Summon Small Mammal      Summ           0%         N/A       47%         1
 Call Canine Familiar     Summ           0%         N/A       85%         3
 Inner Flame              Hex/Fire       0%         N/A       85%         3
 Summon Guardian Golem    Hex/Summ       0%         N/A       85%         3
 Volatile Blastmotes      Fire/Tloc      0%         2d10      85%         3
 Fulminant Prism          Conj/Hex       0%         3d5       99%         4
 Iskenderun's Mystic Bla  Conj/Tloc      0%         2d3       99%         4
 Yara's Violent Unravell  Hex/Tmut       0%         3d3       100%        5
 Enfeeble                 Hex            0%         N/A       100%        7


Dungeon Overview and Level Annotations

Branches:
Dungeon (4/15)
 Temple: D:4-7

Altars:
Nemelex Xobeh
Sif Muna

Shops:
D:1 !   D:2 :


Innate Abilities, Weirdness & Mutations

Your demonic aura sometimes causes spilled blood to erupt in flames.
You sometimes gain a little power by taking damage.


Message History

Press: ? - help, Q - select action, (/) - cycle Shift-Dir - straight line, f - wyvern
Aim: a wyvern (lightly wounded, 59% to hit)
You throw a throwing net. The throwing net hits the wyvern.
The wyvern is caught in the net!
The wyvern is lightly wounded.
The wyvern struggles against the net. x2
You hit the wyvern but do no damage.
The wyvern is lightly wounded.
The wyvern struggles against the net. x2
The net rips apart, and the wyvern comes free!
You barely miss the wyvern.
The wyvern is lightly wounded.
The wyvern closely misses you.
You hit the wyvern.
The wyvern is moderately wounded.
The wyvern closely misses you. The wyvern bites you.
You completely miss the wyvern.
The wyvern is moderately wounded.
The wyvern bites you!
You focus on the pain.
You feel very mighty all of a sudden. The wyvern misses you.
Throw: 2 throwing nets
Press: ? - help, Q - select action, (/) - cycle Shift-Dir - straight line, f/p - wyvern
Aim: a wyvern (moderately wounded, 59% to hit)
You throw a throwing net. The throwing net hits the wyvern.
The wyvern is caught in the net!
The wyvern is moderately wounded.
The wyvern struggles against the net. x2
You hit the wyvern but do no damage.
The wyvern is moderately wounded.
The wyvern struggles against the net.
The net rips apart, and the wyvern comes free!
The wyvern barely misses you.
You closely miss the wyvern.
The wyvern is moderately wounded.
The wyvern bites you!
* * * LOW HITPOINT WARNING * * *
The wyvern bites you.
You die...
Your body disappears without a glow.

### #########...
#...........
########........###
.......'...).......
###############.........##
........k.#..........##.#
#########@#.########.##.#
#.#.......<#.##.#
#.#...#.##.#.##.#
#.#.(.#.<..#.##.#
#.#...#>..).....#
#.#..........####
#.#.....##########
#.#.(.>...........
##########.#..)...####..###


You could see a wyvern.

Vanquished Creatures
  Sigmund (D:2)
  A scorpion (D:4)
  Crazy Yiuf (D:2)
  An iguana (D:4)
  3 adders
  4 worms
  4 dart slugs
  8 orcs
  4 endoplasms (D:1)
  2 goblins
  6 hobgoblins
  5 kobolds
  3 quokkas
  9 ball pythons
  4 bats
  3 frilled lizards
  2 rats (D:1)
61 creatures vanquished.

Notes
Turn   | Place    | Note
-------+----------+-------------------------------------------
     0 | D:1      | grandjackal the Demonspawn Gladiator began the quest for
                  | the Orb.
     0 | D:1      | Reached XP level 1. HP: 16/16 MP: 1/1
   109 | D:1      | Gained mutation: You sometimes gain a little power by
                  | taking damage. [demonic ancestry]
   109 | D:1      | Reached XP level 2. HP: 21/22 MP: 2/2
   627 | D:1      | Found Bumolexy's Distillery.
   631 | D:1      | Bought a potion of curing for 33 gold pieces
   865 | D:2      | Reached XP level 3. HP: 28/28 MP: 3/3
   916 | D:2      | Found Vagiuwoo's Book Emporium.
  1101 | D:2      | Noticed Sigmund
  1136 | D:2      | Killed Sigmund
  1137 | D:2      | Reached XP level 4. HP: 13/37 MP: 4/4
  1137 | D:2      | Reached XP level 5. HP: 15/42 MP: 5/5
  1725 | D:2      | Found a runed translucent door.
  1726 | D:2      | Noticed Crazy Yiuf
  1735 | D:2      | Killed Crazy Yiuf
  1868 | D:3      | Found a shimmering blue altar of Sif Muna.
  2397 | D:3      | Gained mutation: Your demonic aura sometimes causes spilled
                  | blood to erupt in flames. [demonic ancestry]
  2397 | D:3      | Reached XP level 6. HP: 39/48 MP: 6/6
  2467 | D:3      | Found a sparkling altar of Nemelex Xobeh.
  2477 | D:3      | Became a worshipper of Nemelex Xobeh the Trickster
  2812 | D:4      | Reached skill level 1 in Invocations
  3030 | D:4      | Noticed a wyvern
  3046 | D:4      | HP: 1/49 [wyvern (15)]
  3046 | D:4      | Slain by a wyvern

Illustrated notes

Levels and vault maps discovered:
D:1:      ncdulo_halloftheorcs, layout_basic, serial_bayou, serial_bayou_pond_a,
          serial_bayou_lagoon_a, serial_bayou_pond_c, serial_bayou_crossing,
          serial_shops, nicolae_shop_back_alley_shop
D:2:      layout_basic, serial_shops, shop, chequers_avenue,
          uniq_crazy_yiuf_cottage, uniq_sigmund
D:3:      layout_basic, mainiacjoe_overflow_small_starburst, lemuel_round_altar
D:4:      cheibrodos_quashed, layout_basic

Skill      XL: |  1  2  3  4  5  6 |
---------------+-------------------+-----
Throwing       | 2 |  2.0
Axes           | 3 4 |  4.3
Dodging        | 3 4 |  4.1
Fighting       | 3 4 |  4.3
Invocations    | 1 |  1.6

Action                     |  1- 3 |  4- 6 || total
---------------------------+-------+-------++-------
  Melee: War axe           |   110 |   118 ||   228
         Punch             |       |     1 ||     1
  Throw: Throwing net      |       |     2 ||     2
    Use: Potion            |     2 |       ||     2
 Armour: Leather armour    |    57 |    66 ||   123
  Dodge: Dodged            |    71 |    93 ||   164

Table legend: (Time is in decaauts)
 A = Elapsed time spent in this place.
 B = Non-inter-level travel time spent in this place.
 C = Inter-level travel time spent in this place.
 D = Time resting spent in this place.
 E = Time spent auto-exploring this place.
 F = Levels seen in this place.
 G = Mean time per level.
                   A        B        C        D        E       F      G
               +--------+--------+--------+--------+--------+-----+--------+
         Total |   3131 |   3047 |     84 |    234 |   2227 |   4 |  782.8 |
       Dungeon |   3131 |   3047 |     84 |    234 |   2227 |   4 |  782.8 |
               +--------+--------+--------+--------+--------+-----+--------+

Top non-repeatable levels by time:
     D:2: 1017 daAuts
     D:3: 965 daAuts
     D:1: 896 daAuts
     D:4: 252 daAuts
